 Dungeon Crawl Stone Soup version 0.27-a0-1188-g73eefd5def (webtiles) character file.

Game seed: 9321892054816784984

30 Sobieck the Skirmisher (level 3, -4/33 HPs)
             Began as a Hill Orc Fighter on May 21, 2021.
             Slain by Robin
             ... wielding a +0 spear
              (5 damage)
             ... on level 3 of the Dungeon.
             The game lasted 00:01:35 (767 turns).

Sobieck the Skirmisher (Hill Orc Fighter)            Turns: 767, Time: 00:01:35

Health: -4/33      AC:  8    Str: 19    XL:     3   Next: 18%
Magic:  3/3        EV:  7    Int:  8    God:
Gold:   7          SH:  9    Dex: 10    Spells: 2/2 levels left

rFire    . . .     SeeInvis .   a - +0 war axe {axe}
rCold    . . .     Faith    .   c - +0 kite shield
rNeg     . . .     Spirit   .   b - +0 scale mail
rPois    .         Reflect  .   (no helmet)
rElec    .         Harm     .   (no cloak)
rCorr    .         Rampage  .   (no gloves)
Will     .....                  i - +0 pair of boots
Stlth    ..........             (no amulet)
HPRegen  0.11/turn              (no ring)
MPRegen  0.08/turn              (no ring)

@: no status effects
A: no striking features
a: no special abilities


You were on level 3 of the Dungeon.
You visited 1 branch of the dungeon, and saw 3 of its levels.

You collected 7 gold pieces.


   Skills:
 + Level 4.0 Fighting
 * Level 3.6 Axes
 + Level 3.5 Armour
 + Level 3.5 Shields


You had 2 spell levels left.
You didn't know any spells.
Your spell library was empty.

Inventory:

Hand Weapons
 a - a +0 war axe (weapon) {axe}
Missiles
 f - 14 stones (quivered) {throwing}
Armour
 b - a +0 scale mail (worn)
 c - a +0 kite shield (worn)
 i - a +0 pair of boots (worn)
   (You found it on level 2 of the Dungeon)
Potions
 d - a potion of might
 e - a potion of flight {unknown}
 g - a potion of heal wounds {unknown}
 h - a potion of curing {unknown}

Dungeon Overview and Level Annotations

Branches:
Dungeon (3/15)

Altars:

Annotations:
D:3 Robin

#.#.####.#......
#......#.#.##.#
###.#.##......#
#...##......#
######......#
###########......#
#................#
#.......####.....#
#......gg)@).....#
#.......########.#
#.......## #.#
#........#### #.#
##.....g.g..# ..
#.......##.# #
#.......##.#
####.......##.#
........##......


You could see Robin and a hobgoblin (strong).


Message History

Unknown command.
You hit the hobgoblin but do no damage. You block the hobgoblin's attack.
You hit the hobgoblin.
Your shield and scale mail prevent you from hitting the goblin.
The hobgoblin hits you. The goblin hits you but does no damage.
The hobgoblin hits you but does no damage.
Robin of the Strong Arm comes into view.
They are wielding a +0 spear. 😕 HP[-4]
You take 4 damage, and now have 23/27 hp.
Robin shouts!
You hear a shout!
You hear an angry hiss.
You hear a shout!
Robin roars a battlecry!
The goblins go into a battle-frenzy!
You hear a shout! x2 😕 HP[+1]
You hear a shout!
You hit the goblin.
You kill the goblin!
The goblin hits you but does no damage.
Robin hits you from afar with a +0 spear.
You have reached level 3!
Your experience leads to an increase in your attributes!
Increase (S)trength, (I)ntelligence, or (D)exterity?
You feel stronger. 😕 HP[+3] MP[+1]
You now have 33 max hp (+6).
You regained 3 hp, and now have 27/33 hp.
Your mp is fully restored (3).
You hit the goblin.
You kill the goblin!
Robin roars a battlecry!
You hear a shout!
You hit the hobgoblin.
You kill the hobgoblin!
Robin says, "My goblins will feast on your bones."
Robin hits you from afar with a +0 spear.
You block Robin's attack. 😕 HP[-2]
You take 2 damage, and now have 25/33 hp.
A goblin comes into view. It is wielding a +0 club.
The goblin shouts!
You hear a shout! x2
Robin hits you but does no damage.
You hear a shout!
You hear an angry hiss.
Items here: )) ††.
You hit Robin. You block Robin's attack. 😕 HP[+1]
You barely miss Robin. Robin closely misses you.
Robin says, "My army is invincible!"
Robin throws the goblin at you! You block the goblin's attack.
You barely miss Robin. You miss the goblin. Robin hits you with a +0 spear.
The goblin barely misses you.
A goblin comes into view. It is wielding a +0 club.
Robin roars a battlecry!
A goblin comes into view. It is wielding a +0 club. 😮 HP[-6]
You take 6 damage, and now have 20/33 hp.
You completely miss Robin.
Your scale mail prevents you from hitting the goblin.
The goblin hits you but does no damage.
A goblin comes into view. It is wielding a +0 club.
Robin hits you with a +0 spear!
* * * LOW HITPOINT WARNING * * *
The goblin hits you but does no damage. 😨 HP[-7]
You take 7 damage, and now have 13/33 hp.
MASSIVE DAMAGE!! (PAUSE) Robin throws the goblin at you!
You block the goblin's attack.
You slash the goblin!
You kill the goblin!
You hit the goblin.
You kill the goblin!
You block Robin's attack. Robin hits you but does no damage.
Robin roars a battlecry!
The goblins go into a battle-frenzy!
Things that are here:
a +0 club {mace}; a +0 hunting sling {sling}; 15 stones {throwing} You barely miss the goblin.
The goblin hits you with a +0 club.
* * * LOW HITPOINT WARNING * * *
Robin throws the goblin at you! The goblin hits you with a +0 club.
* * * LOW HITPOINT WARNING * * *
😱 HP[-7]
You take 7 damage, and now have 6/33 hp.
MASSIVE DAMAGE!! (PAUSE)
You hit the goblin. You closely miss the goblin.
The goblin hits you but does no damage.
Robin roars a battlecry!
You block the goblin's attack. The goblin barely misses you.
You block the goblin's attack.
You closely miss the goblin. You slash the goblin!
You kill the goblin!
A hobgoblin comes into view.
You block Robin's attack. The goblin hits you with a +0 club.
* * * LOW HITPOINT WARNING * * *
Your Fighting skill increases to level 4! 😱 HP[-5]
You take 5 damage, and now have 1/33 hp.
You slash the goblin!
You kill the goblin!
You block Robin's attack.
Robin hits you from afar with a +0 spear.
You die...

Skill      XL: |  1  2  3 |
---------------+----------+-----
Axes           | 3 |  3.6
Fighting       | 4 |  4.0
Armour         | |  3.5
Shields        | |  3.5

Action                   || total
-------------------------++-------
Melee: War axe           ||    57
Throw: Stone             ||    12
Armor: Scale mail        ||    38
Dodge: Dodged            ||    17
Block: Kite shield       ||    33

Levels and vault maps discovered:
D:1:      tarquinn_simple_flora_water_b, layout_basic,
          chequers_ecumenical_altar_simple
D:2:      layout_loops_ring, hangedman_abyss_or_decor_lesser_grid, uniq_natasha
D:3:      layout_basic, uniq_sigmund, uniq_robin

Notes
Turn   | Place    | Note
-------+----------+-------------------------------------------
     0 | D:1      | Sobieck the Hill Orc Fighter began the quest for the Orb.
     0 | D:1      | Reached XP level 1. HP: 19/19 MP: 1/1
     0 | D:1      | magus.rc [v1.9.6]
   333 | D:2      | Reached skill level 3 in Axes
   383 | D:2      | Reached XP level 2. HP: 22/27 MP: 2/2
   747 | D:3      | Noticed Robin
   754 | D:3      | Reached XP level 3. HP: 27/33 MP: 3/3
   764 | D:3      | HP: 6/33 [goblin/+0 club[Robin] (5)]
   766 | D:3      | HP: 1/33 [goblin/+0 club[Robin] (5)]
   767 | D:3      | Reached skill level 4 in Fighting
   767 | D:3      | Slain by Robin

Vanquished Creatures
  An adder (D:2)
  2 ball pythons
  3 bats (D:2)
  A giant cockroach (D:2)
  7 goblins
  2 hobgoblins
  A frilled lizard (D:2)
  3 rats (D:3)
20 creatures vanquished.

Table legend:
 A = Non-vault XP
 B = Vault XP
 C = Vault XP percentage of total XP
 D = Non-vault monster count
 E = Vault monster count
 F = Vault count percentage of total count
                 A         B        C        D         E       F
            +---------+---------+-------+---------+---------+-------
      Total |      32 |      13 |  28.9 |      13 |       7 |  35.0
            +---------+---------+-------+---------+---------+-------
        D:2 |      27 |       0 |   0.0 |       9 |       0 |   0.0
        D:3 |       5 |      13 |  72.2 |       4 |       7 |  63.6
            +---------+---------+-------+---------+---------+-------

Illustrated notes

Table legend:
 A = Kills in this place as a percentage of kills in entire the game.
 B = Kills by you in this place as a percentage of kills by you in the entire game.
 C = Kills by friends in this place as a percentage of kills by friends in the entire game.
 D = Other kills in this place as a percentage of other kills in the entire game.
 E = Experience gained in this place as a percentage of experience gained in the entire game.
 F = Experience gained in this place divided by the number of levels of this place that you have seen.
                   A       B       C       D       E      F
               +-------+-------+-------+-------+-------+----------------------
         Total | 100.0 | 100.0 |   N/A |   N/A | 100.0 |  15.0
       Dungeon | 100.0 | 100.0 |   N/A |   N/A | 100.0 |  15.0
               +-------+-------+-------+-------+-------+----------------------

Table legend: (Time is in decaauts)
 A = Elapsed time spent in this place.
 B = Non-inter-level travel time spent in this place.
 C = Inter-level travel time spent in this place.
 D = Time resting spent in this place.
 E = Time spent auto-exploring this place.
 F = Levels seen in this place.
 G = Mean time per level.
                   A        B        C        D        E       F      G
               +--------+--------+--------+--------+--------+-----+--------+
         Total |    804 |    765 |     39 |    175 |    418 |   3 |  268.0 |
       Dungeon |    804 |    765 |     39 |    175 |    418 |   3 |  268.0 |
               +--------+--------+--------+--------+--------+-----+--------+

Top non-repeatable levels by time:
     D:2: 625 daAuts
     D:3: 135 daAuts
     D:1: 43 daAuts
